 Dungeon Crawl Stone Soup version 0.22-a0-352-gc608dd7 (webtiles) character file.

2774 nikopol the Thaumaturge (level 9, -3/46 HPs)
             Began as a Deep Elf Fire Elementalist on Apr 13, 2018.
             Was a Follower of Vehumet.
             Slain by an unseen horror (10 damage)
             ... on level 7 of the Dungeon on Apr 14, 2018.
             The game lasted 00:38:14 (8363 turns).

nikopol the Thaumaturge (DEFE)                      Turns: 8363, Time: 00:38:15

Health: -3/46      AC:  5    Str: 12    XL:     9   Next: 42%
Magic:  18/24      EV: 14    Int: 24    God:    Vehumet [*.....]
Gold:   364        SH:  0    Dex: 17    Spells: 12/27 levels left

rFire    . . .     SeeInvis .   u - +1 short sword of the Nine Mice {flame, rElec Str+7 Dex+2} (curse)
rCold    . . .     Gourm    .   (no shield)
rNeg     . . .     Faith    .   a - +0 robe
rPois    .         Spirit   .   (no helmet)
rElec    +         Reflect  .   t - +1 cloak
rCorr    .         Harm     .   d - +0 pair of gloves
MR       .....                  (no boots)
Stlth    +++.......             (no amulet)
HPRegen  0.15/turn              (no ring)
MPRegen  0.19/turn              (no ring)

@: no status effects
A: no striking features
a: Renounce Religion


You were on level 7 of the Dungeon.
You worshipped Vehumet.
Vehumet was aware of your devotion.
You were not hungry.

You visited 2 branches of the dungeon, and saw 8 of its levels.
You also visited: Sewer.

You collected 364 gold pieces.

Inventory:

Hand Weapons
 u - the cursed +1 short sword of the Nine Mice (weapon) {flame, rElec Str+7 Dex+2}
   (You found it on level 4 of the Dungeon)

   It has been specially enchanted to burn those struck by it, causing extra
   injury to most foes and up to half again as much damage against particularly
   susceptible opponents.
   It affects your strength (+7).
   It affects your dexterity (+2).
   It insulates you from electricity.
   It has a curse placed upon it.
Armour
 a - a +0 robe (worn)
 d - a +0 pair of gloves (worn)
 t - a +1 cloak (worn)
Jewellery
 x - a cursed ring of loudness {unknown}
 B - an uncursed ring of fire {unknown}
Scrolls
 e - 3 scrolls of amnesia {unknown}
 m - a scroll of teleportation
 n - 3 scrolls of fog {unknown}
 q - 2 scrolls of remove curse
 r - 3 scrolls of enchant weapon
 s - 2 scrolls of identify
 w - 3 scrolls of enchant armour {unknown}
 y - a scroll of immolation {unknown}
 C - a scroll of magic mapping {unknown}
Potions
 b - 4 potions of might
 f - 2 potions of brilliance
 g - 2 potions of berserk rage {unknown}
 h - a potion of agility {unknown}
 i - a potion of cancellation {unknown}
 j - 2 potions of magic {unknown}
 k - a potion of ambrosia {unknown}
 l - 2 potions of curing
 o - 3 potions of invisibility
 p - 2 potions of lignification {unknown}
 v - 3 potions of mutation {unknown}
 A - a potion of heal wounds {unknown}
Comestibles
 c - 13 rations


   Skills:
 + Level 0.4 Fighting
 - Level 0.6 Short Blades
 + Level 4.0 Dodging
 + Level 4.0 Stealth
 + Level 9.8 Spellcasting
 + Level 7.8 Conjurations
 + Level 8.5 Fire Magic


You had 12 spell levels left.
You knew the following spells:

 Your Spells              Type           Power        Failure   Level  Hunger
a - Flame Tongue          Conj/Fire      #####        1%          1    None
b - Throw Flame           Conj/Fire      ######       1%          2    None
c - Conjure Flame         Conj/Fire      ######..     1%          3    None
d - Sticky Flame          Conj/Fire      ######..     1%          4    #......
e - Fireball              Conj/Fire      ######....   4%          5    ####...


Dungeon Overview and Level Annotations

Branches:
Dungeon (7/15)             Temple (1/1) D:6

Altars:
Ashenzari
Cheibriados
Dithmenos
Elyvilon
Fedhas
Gozag
Hepliaklqana
Makhleb
Nemelex Xobeh
Okawaru
Qazlal
Ru
Sif Muna
Trog
Uskayaw
Vehumet
Wu Jian
Xom
Yredelemnul
Zin
The Shining One

Shops:
D:4 =


Message History

An unseen horror comes into view.
The unseen horror burns!
The unseen horror misses you.
Casting: Sticky Flame (safe; 1% risk of failure)
Confirm with . or Enter, or press ? or * to list all spells.
Aiming: Flame Tongue (safe; 1% risk of failure)
Press: ? - help, Shift-Dir - straight line, f - unseen horror
Aim: an unseen horror (moderately wounded, slightly transparent, covered in liquid flames)
The flame tongue hits the unseen horror.
The unseen horror is moderately wounded.
The unseen horror burns!
The unseen horror hits you.
* * * LOW HITPOINT WARNING * * *
Casting: Flame Tongue (safe; 1% risk of failure)
Confirm with . or Enter, or press ? or * to list all spells.
Aiming: Flame Tongue (safe; 1% risk of failure)
Press: ? - help, Shift-Dir - straight line, f/p - unseen horror
Aim: an unseen horror (heavily wounded, slightly transparent, covered in liquid flames)
The flame tongue hits the unseen horror.
The unseen horror is severely wounded.
The unseen horror burns!
The unseen horror hits you!
You die...

...........###.#.#.#.............
##.####............#.##.#####.#.#
#.# ########.#.#.#.##.## #..(.
##.# #.....#.#...######.. |..#
###5###.#........(.(
##.#############.# #.#...######.(
...#.............###.##### #..
##..#.#########.x....# ########..
.#.###.## #.@.#### #.........
.#.# ##(### #...######.######..
...# ##..# #............# #..
.#..# #.#.# #...########.# #..
.#..##.##(#####...## #####.####..
##..#.###..(.))....###...........
..#...........)...........(....#
##.#############..####(###.######
...# .........####.# #.#


You could see an unseen horror (burning) and a crimson imp.

Vanquished Creatures
  A spriggan (D:7)
  Duvessa (D:5)
  2 ice beasts (D:7)
  An orc warrior (D:6)
  A necrophage (D:7)
  3 ogres
  A sky beast (D:6)
  A centaur (D:5)
  3 bullfrogs
  A wyvern zombie (D:6)
  2 scorpions
  Dowan (D:5)
  4 wights (D:4)
  A howler monkey (D:7)
  A centaur zombie (D:5)
  A jelly (D:7)
  2 bullfrog skeletons
  A centaur skeleton (D:7)
  6 orc priests
  Crazy Yiuf (D:3)
  A gnoll shaman (D:6)
  6 orc wizards
  4 iguanas
  5 worker ants
  2 hound skeletons
  8 gnolls
  2 worker ant zombies
  9 adders
  A shadow imp (D:7)
  4 oozes (Sewer)
  An adder skeleton (D:5)
  3 worms (Sewer)
  10 leopard geckos
  16 orcs
  2 giant cockroaches
  10 goblins
  8 hobgoblins
  4 jackals (Sewer)
  7 kobolds
  A quokka (D:5)
  5 ball pythons
  12 bats
  9 frilled lizards
  A leopard gecko skeleton (D:7)
  4 rats
170 creatures vanquished.

Notes
Turn   | Place    | Note
-------+----------+-------------------------------------------
     0 | D:1      | nikopol the Deep Elf Fire Elementalist began the quest for the Orb.
     0 | D:1      | Reached XP level 1. HP: 10/10 MP: 6/6
   277 | D:1      | Reached XP level 2. HP: 15/15 MP: 6/8
   648 | D:1      | Reached XP level 3. HP: 19/19 MP: 3/10
  1375 | D:2      | Reached skill level 4 in Spellcasting
  1582 | D:3      | Learned a level 2 spell: Throw Flame
  1586 | D:3      | Learned a level 3 spell: Conjure Flame
  1625 | D:3      | Reached XP level 4. HP: 24/24 MP: 10/12
  1751 | D:3      | Found a runed door.
  1755 | D:3      | Noticed Crazy Yiuf
  1769 | D:3      | Killed Crazy Yiuf
  1957 | D:3      | Upgraded the game from 0.22-a0-351-g29664b4 to 0.22-a0-352-gc608dd7
  2146 | D:3      | Found a glowing drain.
  2156 | Sewer    | Entered a sewer
  2163 | Sewer    | Reached XP level 5. HP: 28/28 MP: 5/13
  3346 | D:3      | Found a sacrificial altar of Ru.
  3423 | D:4      | Learned a level 4 spell: Sticky Flame
  3436 | D:4      | Found Fuidigeu's Jewellery Boutique.
  3551 | D:4      | Reached skill level 5 in Spellcasting
  3841 | D:4      | Reached skill level 5 in Fire Magic
  3884 | D:4      | Reached XP level 6. HP: 32/32 MP: 2/16
  4491 | D:4      | Got a bone short sword
  4492 | D:4      | Identified the cursed +1 short sword of the Nine Mice {flame, rElec Str+7 Dex+2} (You found it on level 4 of the Dungeon)
  4538 | D:5      | Entered Level 5 of the Dungeon
  4538 | D:5      | Noticed Duvessa
  4538 | D:5      | Noticed Dowan
  4628 | D:5      | Reached skill level 6 in Spellcasting
  4795 | D:5      | Reached XP level 7. HP: 36/36 MP: 14/18
  4949 | D:5      | Learned a level 5 spell: Fireball
  5122 | D:5      | Reached skill level 5 in Conjurations
  5381 | D:5      | Killed Dowan
  5381 | D:5      | Reached skill level 7 in Spellcasting
  5392 | D:5      | Killed Duvessa
  5415 | D:5      | Reached XP level 8. HP: 35/42 MP: 3/21
  6162 | D:6      | Reached skill level 8 in Spellcasting
  6398 | D:6      | Found a burning altar of Makhleb.
  6403 | D:6      | Noticed a green death
  6618 | D:6      | Found a staircase to the Ecumenical Temple.
  6625 | Temple   | Entered the Ecumenical Temple
  6789 | Temple   | Became a worshipper of Vehumet
  7570 | D:7      | Reached skill level 9 in Spellcasting
  7570 | D:7      | Reached XP level 9. HP: 43/46 MP: 12/24
  8058 | D:7      | Reached * piety under Vehumet
  8058 | D:7      | Offered knowledge of Sting by Vehumet.
  8361 | D:7      | Noticed an unseen horror
  8363 | D:7      | Slain by an unseen horror

Vault maps used:
D:1:      roderic_chinese_lattice_arrival
D:2:      serial_forest, infiniplex_forest_straight_2,
          infiniplex_forest_corner_2, infiniplex_forest_lined_corner,
          infiniplex_forest_lined_corner, infiniplex_forest_clump_C,
          infiniplex_forest_straight_1, infiniplex_forest_straight_4,
          infiniplex_forest_lined_room_3
D:3:      first_ration, gup_sewer_entry_pipe, nicolae_ru_the_path_less_chosen,
          uniq_crazy_yiuf_cottage
D:4:      serial_shops, nicolae_shop_crystal
D:5:      minivault_4, uniq_duvessa
D:6:      temple_statues, makhleb_altar_promises_db
D:7:      minmay_misc_feat_roman, the_bakery
Temple:   roderic_octagonal_lattice_temple
Sewer:    sewer_fruit_machine

Skill      XL: |  1  2  3  4  5  6  7  8  9 |
---------------+----------------------------+-----
Fire Magic     | 4 5 6 7 8 |  8.5
Spellcasting   | 4 5 6 7 9 |  9.8
Conjurations   | 2 3 4 5 7 |  7.8
Stealth        | 3 4 |  4.0
Dodging        | 3 4 |  4.0
Fighting       | |  0.4
Short Blades   | |  0.6

Action                   |  1- 3 |  4- 6 |  7- 9 || total
-------------------------+-------+-------+-------++-------
Melee: Unarmed           |     1 |       |       ||     1
       Short sword       |       |       |    13 ||    13
 Cast: Flame Tongue      |    67 |   136 |   160 ||   363
       Throw Flame       |       |     4 |    22 ||    26
       Conjure Flame     |       |     4 |     4 ||     8
       Sticky Flame      |       |     3 |    20 ||    23
       Fireball          |       |       |     4 ||     4
  Use: Scroll            |       |    10 |       ||    10
       Potion            |       |     1 |       ||     1
  Eat: Chunk             |     2 |    10 |    13 ||    25
Armor: Robe              |     5 |     8 |    14 ||    27
Dodge: Dodged            |    17 |    40 |    61 ||   118

Table legend:
 A = Spawn XP
 B = Non-spawn XP
 C = Spawn XP percentage of total XP
 D = Spawn monster count
 E = Non-spawn monster count
 F = Spawn count percentage of total count
 G = Total turns spent on level
                    A         B        C        D         E        F      G
               +---------+---------+-------+---------+---------+-------+---------
         Total |       0 |    3964 |   0.0 |       0 |     170 |   0.0 |  8363
               +---------+---------+-------+---------+---------+-------+---------
           D:1 |       0 |      60 |   0.0 |       0 |      20 |   0.0 |   917
           D:2 |       0 |      45 |   0.0 |       0 |      15 |   0.0 |   692
           D:3 |       0 |      94 |   0.0 |       0 |      23 |   0.0 |   923
           D:4 |       0 |     383 |   0.0 |       0 |      16 |   0.0 |  1040
           D:5 |       0 |    1010 |   0.0 |       0 |      24 |   0.0 |  1424
           D:6 |       0 |     863 |   0.0 |       0 |      19 |   0.0 |  1075
           D:7 |       0 |    1439 |   0.0 |       0 |      29 |   0.0 |  1040
         Sewer |       0 |      70 |   0.0 |       0 |      24 |   0.0 |  1069
               +---------+---------+-------+---------+---------+-------+---------
